 Dungeon Crawl Stone Soup version 0.26-a0-844-g3dd439832f (webtiles) character file.

Game seed: 6186271303598320545

1040 jestyr24 the Covered (level 8, -8/62 HPs)
             Began as a Demonspawn Gladiator on Nov 19, 2020.
             Was a Priest of Wu Jian.
             Killed from afar by an electric eel (9 damage)
             ... with a bolt of electricity
             ... on level 6 of the Dungeon.
             The game lasted 00:31:14 (6241 turns).

jestyr24 the Covered (Demonspawn Gladiator)         Turns: 6241, Time: 00:31:14

Health: -8/62      AC: 14    Str: 15    XL:     8   Next: 4%
Magic:  8/8        EV:  9    Int: 10    God:    Wu Jian [***...]
Gold:   326        SH:  0    Dex: 16    Spells: 7/7 levels left

rFire    . . .     SeeInvis .   a - +0 long sword
rCold    + . .     Faith    +   (no shield)
rNeg     . . .     Spirit   .   D - +1 chain mail {rC+}
rPois    .         Reflect  .   c - +0 helmet
rElec    .         Harm     .   z - +0 cloak
rCorr    .         Rampage  .   (no gloves)
MR       .....                  y - +0 pair of boots
Stlth    ..........             x - amulet of faith
HPRegen  0.20/turn              l - ring of flight
MPRegen  0.11/turn              (no ring)

@: no status effects
A: talons 1, demonic guardian 1, powered by pain 1
a: Wall Jump, Serpent's Lash, Renounce Religion, Evoke Flight


You were on level 6 of the Dungeon.
You worshipped Wu Jian.
Wu Jian was most pleased with you.
You visited 1 branch of the dungeon, and saw 6 of its levels.

You collected 326 gold pieces.

Inventory:

Hand Weapons
 a - a +0 long sword (weapon)
 p - a +1 quarterstaff of draining
Missiles
 d - 2 throwing nets (quivered)
 o - 6 boomerangs
 q - 371 stones
 A - 7 poisoned darts
Armour
 b - a +0 leather armour
 c - a +0 helmet (worn)
 s - a +1 ring mail of fire resistance
 y - a +0 pair of boots (worn)
 z - a +0 cloak (worn)
 D - a +1 chain mail of cold resistance (worn)
Magical Staves
 E - an uncursed staff of death {unknown}
Jewellery
 l - a ring of flight (left hand)
 x - an amulet of faith (around neck)
Wands
 w - a wand of iceblast (11)
Scrolls
 e - 2 scrolls of enchant weapon {unknown}
 h - 4 scrolls of teleportation
 i - a scroll of remove curse
 k - 4 scrolls of magic mapping
 m - 8 scrolls of identify {unknown}
 n - a scroll of enchant armour {unknown}
 r - a scroll of blinking {unknown}
 t - a scroll of fog {unknown}
 u - a scroll of amnesia {unknown}
 B - a scroll of fear {unknown}
 C - a scroll of noise {unknown}
Potions
 f - a potion of mutation {unknown}
 g - 2 potions of might {unknown}
 j - 3 potions of curing {unknown}
 v - 3 potions of haste {unknown}


   Skills:
 * Level 5.1 Fighting
 - Level 2.6 Long Blades
 - Level 1.7 Throwing
 * Level 5.7 Armour
 - Level 4.6 Dodging
 - Level 0.3 Stealth
 * Level 1.6 Unarmed Combat


You had 7 spell levels left.
You didn't know any spells.
Your spell library contained the following spells:

 Spells                   Type           Power        Failure   Level
 Confusing Touch          Hex            #.......     100%        3
 Gell's Gravitas          Tloc           #.........   100%        3
 Petrify                  Tmut/Erth      #.......     100%        4
 Metabolic Englaciation   Hex/Ice        #.........   100%        5
 Yara's Violent Unravell  Hex/Tmut       #.........   100%        5


Dungeon Overview and Level Annotations

Branches:
Dungeon (6/15)             Temple (0/1) D:5

Altars:
Dithmenos
Uskayaw
Wu Jian
Xom
The Shining One

Annotations:
D:6 3 runed translucent doors, robertstho's ghost, novice DEAE


Innate Abilities, Weirdness & Mutations

You have sharp toenails.
A weak demonic guardian rushes to your aid.
You sometimes gain a little power by taking damage.


Message History

The electric eel completely resists.
You hit the electric eel.
The electric eel is almost dead.
The electric eel shoots out a bolt of lightning at you!
The bolt of electricity hits you. The bolt of electricity hits you!
* * * LOW HITPOINT WARNING * * *
The bolt of electricity hits the electric eel.
The electric eel completely resists.
The electric eel shoots out a bolt of lightning at you!
The bolt of electricity hits you!
* * * LOW HITPOINT WARNING * * *
The bolt of electricity hits you.
* * * LOW HITPOINT WARNING * * *
The bolt of electricity hits the electric eel.
The electric eel completely resists.
You closely miss the electric eel.
The electric eel is almost dead.
The electric eel shoots out a bolt of lightning at you!
The bolt of electricity hits you!
You die...

#++#####################
....≈≈≈≈≈≈≈≈≈≈≈≈≈≈≈≈≈≈≈≈
.....≈≈≈≈≈≈≈≈≈≈≈≈≈≈≈≈≈≈≈
.....≈≈≈≈≈≈≈≈≈≈≈≈≈≈≈≈≈≈≈
...((≈≈≈...≈...;.≈≈≈.≈.≈
................@.......
.....(................$.
#.....(...........###.#.
..####............# ##
##.(.........#
#.(######.###
#.(###....###
######..##........
...........#......


You could see an electric eel.

Vanquished Creatures
  A phantom (D:4)
  3 ogres
  A hound (D:4)
  A jelly (D:5)
  2 centaur skeletons
  2 orc wizards
  3 iguanas
  4 worker ants
  3 gnolls (D:2)
  6 adders
  A howler monkey skeleton (D:4)
  3 oozes
  An adder skeleton (D:4)
  7 worms
  5 dart slugs
  4 leopard geckos
  22 orcs
  12 giant cockroaches
  6 goblins
  15 hobgoblins
  8 jackals
  8 kobolds
  7 quokkas
  3 ball pythons
  9 bats
  5 frilled lizards
  A jackal skeleton (D:4)
  2 quokka skeletons
  9 rats
154 creatures vanquished.

Vanquished Creatures (collateral kills)
  2 scorpions (D:5)
  An orc wizard (D:6)
  3 orcs (D:6)
6 creatures vanquished.

Vanquished Creatures (others)
  5 toadstools (D:1)
5 creatures vanquished.

Grand Total: 165 creatures vanquished

Notes
Turn   | Place    | Note
-------+----------+-------------------------------------------
     0 | D:1      | jestyr24 the Demonspawn Gladiator began the quest for the
                  | Orb.
     0 | D:1      | Reached XP level 1. HP: 16/16 MP: 1/1
   165 | D:1      | Gained mutation: You have sharp toenails. [demonic
                  | ancestry]
   165 | D:1      | Reached XP level 2. HP: 18/22 MP: 2/2
   179 | D:1      | Reached skill level 1 in Armour
   501 | D:1      | Reached XP level 3. HP: 24/28 MP: 3/3
  1192 | D:2      | Found an ornate altar of the Wu Jian Council.
  1231 | D:2      | Became a worshipper of the Wu Jian Council
  1362 | D:2      | Reached XP level 4. HP: 30/34 MP: 4/4
  1833 | D:2      | Found a hide-covered altar of Uskayaw.
  1876 | D:2      | Found a hide-covered altar of Uskayaw.
  1878 | D:2      | Found a shimmering altar of Xom.
  1878 | D:2      | Found a shimmering altar of Xom.
  1883 | D:2      | Found a snail-covered altar of Cheibriados.
  1883 | D:2      | Found a blossoming altar of Fedhas.
  1883 | D:2      | Found a shadowy altar of Dithmenos.
  2156 | D:2      | Gained mutation: You sometimes gain a little power by
                  | taking damage. [demonic ancestry]
  2156 | D:2      | Reached XP level 5. HP: 40/41 MP: 5/5
  2209 | D:2      | Reached * piety under Wu Jian
  3076 | D:4      | Reached ** piety under Wu Jian
  3100 | D:4      | Noticed a phantom
  3109 | D:4      | Reached XP level 6. HP: 32/47 MP: 6/6
  3609 | D:4      | Found a shadowy altar of Dithmenos.
  3675 | D:4      | Found a glowing golden altar of the Shining One.
  3688 | D:4      | Gained mutation: A weak demonic guardian rushes to your
                  | aid. [demonic ancestry]
  3688 | D:4      | Reached XP level 7. HP: 44/54 MP: 7/7
  4581 | D:5      | Entered Level 5 of the Dungeon
  4683 | D:5      | Reached skill level 1 in Unarmed Combat
  4849 | D:5      | Reached skill level 5 in Armour
  5092 | D:5      | Found a staircase to the Ecumenical Temple.
  5715 | D:6      | Reached *** piety under Wu Jian
  5993 | D:6      | Found a runed translucent gate.
  5993 | D:6      | Found a runed translucent gate.
  5994 | D:6      | Found a runed translucent gate.
  6001 | D:6      | Noticed robertstho's ghost (novice DEAE)
  6042 | D:6      | Reached skill level 5 in Fighting
  6047 | D:6      | Reached XP level 8. HP: 33/62 MP: 8/8
  6240 | D:6      | HP: 1/62 [electric eel/bolt of electricity (6)]
  6241 | D:6      | Killed from afar by an electric eel

Illustrated notes

Levels and vault maps discovered:
D:1:      ldierk_walled_garden, layout_basic
D:2:      layout_rooms, overflow_temple_1_default, doesnt_xom_only_xom,
          lemuel_round_altar
D:3:      layout_basic
D:4:      layout_gridville, nicolae_overflow_crystal_walls, lemuel_doored_altar,
          chequers_serial_rivers_room_a
D:5:      layout_basic, minmay_temple_entry_drinking_statues, roderic_lattice_a
D:6:      minmay_goblin_kobold_castle, layout_rooms, gammafunk_ghost_split,
          minmay_misc_feat_doors, lemuel_statue_altar

Skill      XL: |  1  2  3  4  5  6  7 |
---------------+----------------------+-----
Dodging        | 3 4 |  4.6
Armour         | 1 2 3 4 5 |  5.7
Fighting       | 3 4 5 |  5.1
Unarmed Combat | 1 |  1.6
Long Blades    | |  2.6
Throwing       | |  1.7
Stealth        | |  0.3

Action                   |  1- 3 |  4- 6 |  7- 9 || total
-------------------------+-------+-------+-------++-------
Melee: Long sword        |    92 |   194 |   164 ||   450
       Kick              |    28 |    59 |     2 ||    89
       Unarmed           |       |       |    34 ||    34
Throw: Throwing net      |       |     1 |       ||     1
Invok: Lunge             |     1 |    12 |    13 ||    26
       Whirlwind         |       |     7 |    13 ||    20
 Abil: Wall Jump         |       |     1 |       ||     1
  Use: Scroll            |       |     5 |       ||     5
       Potion            |       |     5 |       ||     5
 Stab: Distracted        |     1 |       |       ||     1
Armor: Leather armour    |    31 |       |       ||    31
       Ring mail         |     1 |    88 |    44 ||   133
       Chain mail        |       |       |    70 ||    70
Dodge: Dodged            |    81 |   156 |   127 ||   364
       Rpst.: Long sword |    21 |    47 |    27 ||    95

Table legend: (Time is in decaauts)
 A = Elapsed time spent in this place.
 B = Non-inter-level travel time spent in this place.
 C = Inter-level travel time spent in this place.
 D = Time resting spent in this place.
 E = Time spent auto-exploring this place.
 F = Levels seen in this place.
 G = Mean time per level.
                   A        B        C        D        E       F      G
               +--------+--------+--------+--------+--------+-----+--------+
         Total |   6355 |   6245 |    110 |   1952 |   2278 |   6 | 1059.2 |
       Dungeon |   6355 |   6245 |    110 |   1952 |   2278 |   6 | 1059.2 |
               +--------+--------+--------+--------+--------+-----+--------+

Top non-repeatable levels by time:
     D:4: 1917 daAuts
     D:2: 1207 daAuts
     D:5: 1104 daAuts
     D:1: 1099 daAuts
     D:6: 584 daAuts
     D:3: 443 daAuts
